 Dungeon Crawl Stone Soup version 0.14-a0-1029-g9530a8b (webtiles) character file.

588 Inkie the Spear-Bearer (level 6, -1/46 HPs)
             Began as a Merfolk Gladiator on Nov 23, 2013.
             Slain by an orc wizard
             ... wielding a +0,+1 orcish dagger
              (3 damage)
             ... on Level 5 of the Dungeon.
             The game lasted 00:14:01 (3775 turns).

Inkie the Spear-Bearer (Merfolk Gladiator)          Turns: 3775, Time: 00:14:01

HP  -1/46        AC  6     Str 15      XL: 6   Next: 71%
MP   5/5         EV 13     Int  7      God:
Gold 217         SH  0     Dex 17      Spells:  0 memorised,  5 levels left

Res.Fire  : . . .   See Invis. : .   a - +0,-1 trident
Res.Cold  : . . .   Warding    : +   A - +0 leather armour
Life Prot.: + . .   Conserve   : .   (no shield)
Res.Poison: +       Res.Corr.  : .   B - +1 dwarf golden helmet
Res.Elec. : .       Clarity    : .   (no cloak)
Sust.Abil.: . .     Spirit.Shd : .   t - +0 pair of gloves
Res.Mut.  : .       Stasis     : .   (no boots)
Res.Rott. : .       Flight     : .   m - amulet of warding {unknown}
Saprovore : . . .                    x - ring of poison resistance {unknown}
                                     i - ring of protection from magic {unknown}

@: somewhat resistant to hostile enchantments, unstealthy
A: change form in water, swift swim
a: no special abilities


You were on level 5 of the Dungeon.
You were not hungry.

You visited 1 branch of the dungeon, and saw 5 of its levels.

You collected 217 gold pieces.

Inventory:

Hand weapons
 a - a +0,-1 trident (weapon)
Missiles
 d - 3 throwing nets (quivered)
Armour
 t - a +0 pair of gloves (worn)
 A - a +0 leather armour (worn)
 B - a +1 dwarven golden helmet (worn)
Comestibles
 c - a snozzcumber
 f - 5 bread rations
 l - a pear
 u - a choko
 C - a royal jelly
 D - a meat ration
Scrolls
 b - a scroll of curse weapon {unknown}
 e - 4 scrolls of enchant armour {unknown}
 h - a scroll of random uselessness {unknown}
 n - 2 scrolls of teleportation {unknown}
 o - a scroll of fog {unknown}
 p - a scroll of magic mapping {unknown}
 q - 5 scrolls of identify {unknown}
 s - 3 scrolls of remove curse {unknown}
 y - a scroll of enchant weapon II {unknown}
Jewellery
 i - a ring of protection from magic (left hand) {unknown}
 m - an amulet of warding (around neck) {unknown}
 v - an uncursed ring of positive energy {unknown}
 x - a ring of poison resistance (right hand) {unknown}
Potions
 g - a potion of curing {unknown}
 j - a potion of paralysis {unknown}
 k - a potion of brilliance {unknown}
 r - a potion of might {unknown}
 w - a potion of berserk rage {unknown}
 z - 3 potions of heal wounds {unknown}


   Skills:
 - Level 2.1 Fighting
 * Level 10.4 Polearms
 - Level 2.0 Throwing
 - Level 4.0 Dodging


You had 5 spell levels left.
You didn't know any spells.

Dungeon Overview and Level Annotations

Branches:
Dungeon (5/16)
 Temple: D:4-7

Altars:
Nemelex Xobeh
the Shining One


Message History

Aim: an orc wizard, wielding an orcish dagger and wearing an orcish robe (severely wounded)
You barely miss the orc wizard.
The orc wizard is severely wounded.
The worker ant zombie bites you.
The orc wizard hits you but does no damage.
The orc hits you but does no damage. The orc closely misses you.
The orc hits you with an orcish falchion.
* * * LOW HITPOINT WARNING * * *
The orc wizard mumbles some strange words.
The orc wizard seems to speed up.
The centaur zombie hits you.
* * * LOW HITPOINT WARNING * * *
The orc wizard hits you but does no damage.
The orc wizard casts a spell at you. The puff of frost hits you!
* * * LOW HITPOINT WARNING * * *
The centaur zombie hits you.
* * * LOW HITPOINT WARNING * * *
The orc wizard hits you with an orcish dagger.
You die...

#### .. ##..### #. #...#.##
.. ####.....# .#.##......# .
###..##......# ....#
##...##......##
......###.............#
.....##..##...z.@..##..#
..........#...Zof<.##.[##..
.............o......#.......
...........o................
...........o......%.........
...........................
...........................
...........................
..........................


You could see an orc wizard, 3 orcs, a worker ant zombie and a centaur zombie.

Vanquished Creatures
  The ghost of Yolobear the Ducker, an average FeMo (D:4)
  A hound (D:4)
  A jelly (D:5)
  A giant frog skeleton (D:4)
  An orc wizard (D:4)
  A worker ant (D:4)
  2 iguanas
  3 adders
  3 giant geckos
  6 orcs
  10 bats
  4 giant cockroaches
  13 goblins
  8 hobgoblins
  9 kobolds
  2 ball pythons
  2 giant newts
  2 quokkas
  8 rats
78 creatures vanquished.

Notes
Turn   | Place    | Note
--------------------------------------------------------------
     0 | D:1      | Inkie, the Merfolk Gladiator, began the quest for the Orb.
     0 | D:1      | Reached XP level 1. HP: 17/17 MP: 0/0
    42 | D:1      | Reached skill level 5 in Polearms
    51 | D:1      | Reached XP level 2. HP: 21/23 MP: 1/1
   513 | D:2      | Reached skill level 6 in Polearms
   513 | D:2      | Reached XP level 3. HP: 28/28 MP: 2/2
  1372 | D:3      | Reached skill level 7 in Polearms
  1372 | D:3      | Reached XP level 4. HP: 25/35 MP: 3/3
  2107 | D:4      | Found a sparkling altar of Nemelex Xobeh.
  2205 | D:4      | Reached skill level 8 in Polearms
  2217 | D:4      | Reached XP level 5. HP: 11/40 MP: 4/4
  2220 | D:4      | Noticed Yolobear's ghost (average FeMo)
  2666 | D:4      | Found a glowing golden altar of the Shining One.
  2701 | D:4      | Killed Yolobear's ghost
  2718 | D:4      | Reached skill level 9 in Polearms
  2811 | D:4      | Reached XP level 6. HP: 46/46 MP: 5/5
  2829 | D:4      | Noticed an orc warrior
  2839 | D:4      | HP: 1/46 [orc priest/divine providence (13)]
  3427 | D:5      | Entered Level 5 of the Dungeon
  3447 | D:4      | Reached skill level 10 in Polearms
  3774 | D:5      | HP: 2/46 [centaur zombie (4)]
  3775 | D:5      | Slain by an orc wizard

Action                   |  1- 3 |  4- 6 || total
-------------------------+-------+-------++-------
Melee: Trident           |   139 |   170 ||   309
 Stab: Sleeping          |     2 |     1 ||     3
